 Dungeon Crawl Stone Soup version bcrawl-1.28.4 (webtiles) character file.

Game seed: 15822981609795398665

123228 Mehrunes the Skirmisher (level 5, -1/35 HPs)
             Began as a Skeleton Necromancer on Jan 3, 2021.
             Was a Follower of Kikubaaqudgha.
             Killed from afar by a crimson imp (5 damage)
             ... with a flame tongue
             ... on level 3 of the Dungeon.
             The game lasted 00:09:16 (3825 turns).

Mehrunes the Skirmisher (Skeleton Necromancer)      Turns: 3825, Time: 00:09:17

Health: -1/35      AC: 13    Str: 15      XL:     5   Next: 64%
Magic:  0/9        EV:  6    Int: 13 (14) God:    Kikubaaqudgha [*.....]
Gold:   217        SH:  0    Dex:  7 (9)  Spells: 6/10 levels left

rFire    . . .     SeeInvis .   j - +0 short sword
rCold    + . .     Gourm    .   (no shield)
rNeg     + + +     Faith    .   o - +0 plate armour
rPois    ∞         Spirit   +   h - +1 helmet
rElec    .         Reflect  .   (no cloak)
rCorr    .         Harm     .   (no gloves)
MR       .....                  (no boots)
Stlth    ..........             (no amulet)
HPRegen  0.11/turn              (no ring)
MPRegen  0.11/turn              (no ring)

@: no status effects
A: no food or potions, cold resistance 1, deterioration 1, negative energy
resistance 3, torment resistance, unbreathing, magic shield, sturdy frame 1,
spell healing
a: Receive Corpses, Renounce Religion


You were on level 3 of the Dungeon.
You worshipped Kikubaaqudgha.
Kikubaaqudgha was aware of your devotion.
You were not hungry.

You visited 1 branch of the dungeon, and saw 4 of its levels.

You collected 217 gold pieces.

Inventory:

Hand Weapons
 a - a +1 dagger
 j - a +0 short sword (weapon)
 k - a +0 flail
Armour
 b - a +0 robe
 g - a +1 helmet
 h - a +1 helmet (worn)
 i - a +0 ring mail
 o - a +0 plate armour (worn)
Jewellery
 n - a +4 amulet of reflection {unknown}
Wands
 m - a wand of iceblast (11)
Scrolls
 c - 4 scrolls of teleportation {unknown}
 d - a scroll of amnesia {unknown}
 e - 2 scrolls of remove curse {unknown}
 f - 5 scrolls of identify
 l - 2 scrolls of enchant armour {unknown}


   Skills:
 - Level 5.0 Fighting
 * Level 0.0 Maces & Flails
 + Level 2.1 Armour
 - Level 2.0 Dodging
 - Level 2.4 Stealth
 - Level 3.0 Spellcasting
 - Level 4.3 Necromancy


You had 6 spell levels left.
You knew the following spells:

 Your Spells              Type           Power        Failure   Level  Hunger
a - Animate Skeleton      Necr           N/A          77%         1    N/A
b - Pain                  Necr           ##....       77%         1    N/A
c - Corpse Rot            Necr           N/A          88%         2    N/A

Your spell library contained the following spells:

 Spells                   Type           Power        Failure   Level  Hunger
 Vampiric Draining        Necr           ##........   98%         3    N/A
 Agony                    Necr           ##......     100%        4    N/A
 Animate Dead             Necr           N/A          100%        4    N/A
 Dispel Undead            Necr           ##......     100%        5    N/A

Dungeon Overview and Level Annotations

Branches:
Dungeon (4/12)
 Temple: D:4-7

Altars:
Ashenzari
Dithmenos
Kikubaaqudgha
Okawaru
Xom
The Shining One


Innate Abilities, Weirdness & Mutations

You do not eat or drink.
You are immune to poison.
Your flesh is cold resistant. (rC+)
Your body sometimes deteriorates upon taking damage.
You are immune to negative energy. (rN+++)
You are immune to unholy pain and torment.
You can survive without breathing.
When hurt, damage is shared between your health and your magic reserves.
Your movements are slightly less encumbered by armour. (ER -2)
Casting spells heals you.


Message History

The crimson imp hits you but does no damage.
You miss the crimson imp.
The crimson imp is heavily wounded.
The crimson imp hits you.
* * * LOW HITPOINT WARNING * * *
You hit the crimson imp.
The crimson imp is heavily wounded.
The crimson imp closely misses you.
Your plate armour prevents you from hitting the crimson imp.
The crimson imp is heavily wounded.
The crimson imp barely misses you.
You miss the crimson imp.
The crimson imp is moderately wounded.
The crimson imp hits you but does no damage.
Your plate armour prevents you from hitting the crimson imp.
The crimson imp is moderately wounded.
The crimson imp breathes fire at you. The flame tongue hits you!
You die...
Kikubaaqudgha rasps: "You have failed me!
Welcome... oblivion!"

............####........#.###....
.########....>...................
.##...........!.......##..###.#..
.##.......#.#.#####.#.###.# #.#..
.###################### ### #####
.# #####.#### # .#
######..##....######### # .#
#.##................#.#####
.######.........@5...........#.##
...#.......##.........###......##
..##......#####8...8### ##......#
........### ###.### ###.....
#......## #...# ##.... .......#
#._.# ###.. #.###### #...# ##.
#.# ##### ## ######
##########################


You could see a crimson imp.

Vanquished Creatures
  A hound (D:3)
  A bullfrog skeleton (D:4)
  An orc wizard (D:4)
  5 adders (D:3)
  An ooze (D:2)
  3 worms
  2 dart slugs
  A leopard gecko (D:2)
  9 orcs
  8 bats
  A giant cockroach (D:1)
  2 goblins (D:3)
  7 hobgoblins
  4 jackals
  5 kobolds
  2 quokkas
  A ball python (D:3)
  3 frilled lizards
  A rat (D:1)
58 creatures vanquished.

Vanquished Creatures (others)
  An orc wizard (D:3)
1 creature vanquished.

Grand Total: 59 creatures vanquished

Notes
Turn   | Place    | Note
-------+----------+-------------------------------------------
     0 | D:1      | Mehrunes the Skeleton Necromancer began the quest for the
                  | Orb.
     0 | D:1      | Reached XP level 1. HP: 10/10 MP: 4/4
   272 | D:1      | Reached skill level 1 in Fighting
   544 | D:1      | Reached XP level 2. HP: 14/17 MP: 0/6
   719 | D:2      | Reached skill level 2 in Fighting
   986 | D:2      | Reached XP level 3. HP: 7/22 MP: 0/7
  1338 | D:2      | Reached skill level 3 in Fighting
  1660 | D:2      | Found a shimmering altar of Xom.
  1660 | D:2      | Found an iron altar of Okawaru.
  1790 | D:2      | Found a shadowy altar of Dithmenos.
  1790 | D:2      | Found an ancient bone altar of Kikubaaqudgha.
  1793 | D:2      | Became a worshipper of Kikubaaqudgha
  1808 | D:2      | Found a faded altar of an unknown god.
  2078 | D:3      | Reached XP level 4. HP: 29/29 MP: 1/8
  2175 | D:3      | Reached skill level 4 in Fighting
  2279 | D:3      | Found a glowing golden altar of the Shining One.
  2476 | D:3      | Found a shattered altar of Ashenzari.
  2718 | D:3      | Reached XP level 5. HP: 33/34 MP: 9/9
  3017 | D:4      | Reached skill level 1 in Armour
  3394 | D:4      | Reached skill level 5 in Fighting
  3428 | D:4      | Reached * piety under Kikubaaqudgha
  3428 | D:4      | Identified Kikubaaqudgha's Catalogue of Black Rites
                  | (Kikubaaqudgha gifted it to you on level 4 of the Dungeon)
  3428 | D:4      | Received a gift from Kikubaaqudgha
  3438 | D:4      | Noticed a black bear
  3505 | D:3      | Learned a level 2 spell: Corpse Rot
  3825 | D:3      | Killed from afar by a crimson imp

Skill      XL: |  1  2  3  4  5 |
---------------+----------------+-----
Fighting       | 1 2 3 4 5 |  5.0
Armour         | 2 |  2.1
Dodging        | |  2.0
Stealth        | |  2.4
Spellcasting   | |  3.0
Necromancy     | |  4.3

Action                   |  1- 3 |  4- 6 || total
-------------------------+-------+-------++-------
Melee: Dagger            |    19 |       ||    19
       Short sword       |    12 |   279 ||   291
       Flail             |       |    53 ||    53
 Cast: Pain              |    86 |    26 ||   112
Armor: Robe              |     3 |       ||     3
       Ring mail         |    15 |     4 ||    19
       Plate armour      |       |   215 ||   215
Dodge: Dodged            |    36 |   116 ||   152
